 Dungeon Crawl Stone Soup version 0.31-a0-214-gb37851dbb3 (webtiles) character file.

Game seed: 3169239029170234116

33 innerfire43 the Trooper (level 3, 0/29 HPs)
             Began as a Demonspawn Monk on July 1, 2023.
             Slain by a cerulean imp
             ... wielding a +0 spear
             ... summoned by Natasha
              (3 damage)
             ... on level 2 of the Dungeon.
             The game lasted 00:00:39 (680 turns).

innerfire43 the Trooper (Demonspawn Monk)            Turns: 680, Time: 00:00:40

Health: 0/29       AC:  2    Str: 13    XL:     3   Next: 12%
Magic:  3/3        EV: 13    Int: 11    God:
Gold:   36         SH:  0    Dex: 15    Spells: 2/2 levels left

rFire   . . .        a - +0 hand axe
rCold   . . .        d - orb {light}
rNeg    . . .        b - +0 robe
rPois   .            (helmet restricted)
rElec   .            (no cloak)
rCorr   .            (no gloves)
SInv    .            (no boots)
Will    .....        (no amulet)
Stlth   +            (no ring)
HPRegen 0.24/turn    (no ring)
MPRegen 0.08/turn

%: no passive effects
@: slowed, glowing, very slow
A: horns 1
a: no special abilities


You were on level 2 of the Dungeon.
You visited 1 branch of the dungeon, and saw 2 of its levels.

You collected 36 gold pieces.

Inventory:

Hand Weapons
 a - a +0 hand axe (weapon)
Armour
 b - a +0 robe (worn)
 d - an orb of light (worn)
Scrolls
 i - a scroll of poison {unknown}
 j - a scroll of fear {unknown}
 k - a scroll of teleportation {unknown}
 l - a scroll of fog {unknown}
Potions
 e - 2 potions of degeneration {unknown}
 f - a potion of enlightenment {unknown}
 g - a potion of lignification {unknown}
 h - a potion of invisibility {unknown}


   Skills:
 + Level 3.4 Fighting
 + Level 3.1 Axes
 + Level 3.1 Dodging


You had 2 spell levels left.
You didn't know any spells.
Your spell library was empty.

Dungeon Overview and Level Annotations

Branches:
Dungeon (2/15)

Altars:

Annotations:
D:2 Natasha


Innate Abilities, Weirdness & Mutations

You have a pair of small horns on your head.


Message History

Natasha mewls in sadness.
Natasha barely misses you.
You hit the cerulean imp but do no damage.
The cerulean imp is almost dead.
You closely miss Natasha. The cerulean imp barely misses you.
Natasha stares at you and mumbles some strange words.
The magic dart hits you!
* * * LOW HITPOINT WARNING * * *
The cerulean imp misses you. Natasha barely misses you.
You hit the cerulean imp.
The cerulean imp is almost dead.
You closely miss Natasha.
You feel less invigorated.
You feel less confused. The cerulean imp barely misses you.
Natasha stares at you and mumbles some strange words.
The magic dart hits you.
The cerulean imp hits you with a +0 spear.
You closely miss the cerulean imp.
The cerulean imp is almost dead.
You barely miss Natasha. Natasha completely misses you.
The cerulean imp barely misses you. Natasha barely misses you.
Unknown command.
You completely miss the cerulean imp. Your headbutt misses the cerulean imp.
The cerulean imp is almost dead.
You hit Natasha.
The cerulean imp hits you but does no damage.
Natasha claws you.
The cerulean imp hits you with a +0 spear.
* * * LOW HITPOINT WARNING * * *
Natasha casts a spell at you.
You feel as though you will be slow longer.
You closely miss the cerulean imp.
The cerulean imp is almost dead.
You hit Natasha but do no damage.
The cerulean imp hits you with a +0 spear.
* * * LOW HITPOINT WARNING * * *
Natasha claws you.
* * * LOW HITPOINT WARNING * * *
The cerulean imp hits you with a +0 spear.
You die...

.♣ #...>......# ...
#.....#..... ....
#...........#####
....####................
#........#..............
#......................
#...........# ...#.##
#.#...#...#######†#†##
#....@#.............##
#...h5'..#.[....†.....
#.....#.##.#########.#
#.....#...............
#.....####...####.....
#.##### #...#........ ..
#...#........ ..
#..)#........
#...##.......


You could see Natasha and a cerulean imp (summoned).

Vanquished Creatures
  2 adders (D:2)
  2 ball pythons (D:2)
  An endoplasm (D:2)
  A giant cockroach (D:1)
  A hobgoblin (D:2)
  2 kobolds
  3 quokkas
  A bat (D:2)
  A frilled lizard (D:2)
  A goblin (D:2)
15 creatures vanquished.

Notes
Turn   | Place    | Note
-------+----------+-------------------------------------------
     0 | D:1      | innerfire43 the Demonspawn Monk began the quest for the
                  | Orb.
     0 | D:1      | Reached XP level 1. HP: 18/18 MP: 1/1
   254 | D:1      | You fall into a shaft and drop 1 floor!
   363 | D:2      | Gained mutation: You have a pair of small horns on your
                  | head. [demonic ancestry]
   363 | D:2      | Reached XP level 2. HP: 21/24 MP: 2/2
   546 | D:2      | Reached XP level 3. HP: 22/29 MP: 3/3
   666 | D:2      | Noticed Natasha
   674 | D:2      | HP: 1/29 [cerulean imp/+0 spear[Natasha] (5)]
   680 | D:2      | Slain by a cerulean imp

Illustrated notes

Levels and vault maps discovered:
D:1:      wheals_arrival_linesprint, layout_loops_corners, serial_aquarium,
          aquarium_bridge_straight [aquarium_subvault_bridge,
          aquarium_subvault_wall, aquarium_subvault_bridge,
          aquarium_subvault_wall], aquarium_window_fake, aquarium_window_1,
          aquarium_view_2e, aquarium_view_2e, aquarium_pool_S
D:2:      minmay_razor_zed, layout_basic, minmay_lizard_king,
          uniq_crazy_yiuf_cottage, uniq_natasha

Skill      XL: |  1  2 |
---------------+-------+-----
Axes           | 3 |  3.1
Dodging        | 3 |  3.1
Fighting       | |  3.4

Action                     || total
---------------------------++-------
  Melee: Hand axe          ||    53
         Headbutt          ||     4
    Use: Scroll            ||     1
         Potion            ||     1
 Armour: Robe              ||     6
  Dodge: Dodged            ||    45

Table legend: (Time is in decaauts)
 A = Elapsed time spent in this place.
 B = Non-inter-level travel time spent in this place.
 C = Inter-level travel time spent in this place.
 D = Time resting spent in this place.
 E = Time spent auto-exploring this place.
 F = Levels seen in this place.
 G = Mean time per level.
                   A        B        C        D        E       F      G
               +--------+--------+--------+--------+--------+-----+--------+
         Total |    690 |    690 |      0 |      0 |    574 |   2 |  345.0 |
       Dungeon |    690 |    690 |      0 |      0 |    574 |   2 |  345.0 |
               +--------+--------+--------+--------+--------+-----+--------+

Top non-repeatable levels by time:
     D:2: 435 daAuts
     D:1: 255 daAuts
